[Event "*** Titled Tuesday Blitz"]
[Site "Chess.com"]
[Date "2020.05.19"]
[Round "7"]
[White "Gromes7"]
[Black "dolynachess"]
[Result "0-1"]
[WhiteElo "2009"]
[BlackElo "2354"]
[TimeControl "180+1"]
[EndTime "13:19:21 PDT"]
[Termination "dolynachess won on time"]

1. d4 Nf6 2. g3 c5 3. d5 b5 4.
Bg2 d6 5. b3 g6 6. Bb2 Bg7 7.
e4 O-O 8. h3 Re8 9. Nf3 Nxe4 10. Bxg7 Kxg7 11. c4 Qa5+ 12. Nbd2 Nc3 13. Qc2 Bf5 14. Qb2 Kg8 15. Rc1 Qxa2 16. Qxc3 b4 17. Qa1 Qxa1 18. Rxa1 a5 19. O-O Nd7 20. Rfe1 Nb6 21. g4 Bd7 22. Re3 Ra7 23. Ne1 Kf8 24. Nd3 Rea8 25. Nb2 a4 26. bxa4 Bxa4 27. Nxa4 Rxa4 28.
Rae1 R8a7 29. Bf1 Ra2 30. Nb3 Rb2 31. f4 Ra3 32. Nc1 Rxe3 33. Rxe3 Rc2 0-1

[Event "*** Titled Tuesday Blitz"]
[Site "Chess.com"]
[Date "2020.05.19"]
[Round "7"]
[White "Shushik"]
[Black "floplover"]
[Result "1-0"]
[WhiteElo "2114"]
[BlackElo "2297"]
[TimeControl "180+1"]
[EndTime "13:19:22 PDT"]
[Termination "Shushik won by resignation"]

1. e4 c6 2. d4 d5 3. Nc3 dxe4 4. Nxe4 Nf6 5. Nxf6+ exf6 6. c3 Bd6 7. Bd3 O-O 8. Ne2 Nd7 9. Qc2 g6 10. O-O Re8 11.
Be3 f5 12. Bf4 Rxe2 13. Qxe2 Bxf4 14. Rfe1 Nf6 15. Bc4 Bd6 16. Rad1 Bd7 17. Rd3 Qc7 18.
Re3 Bxh2+ 19. Kh1 Bd6 20. Bb3 Ng4 21. Qc4 Rf8 22. R3e2 Qd8 23. g3 Qg5 24. Kg2 Be6 25. Rxe6 fxe6 26. Qxe6+ Kg7 27. Qxd6 Qd2 28. Qe7+ Kh6 29.
Rh1+ 1-0

[Event "*** Titled Tuesday Blitz"]
[Site "Chess.com"]
[Date "2020.05.19"]
[Round "7"]
[White "Andrii_Prydun"]
[Black "Zmof"]
[Result "1-0"]
[WhiteElo "2380"]
[BlackElo "2237"]
[TimeControl "180+1"]
[EndTime "13:19:25 PDT"]
[Termination "Andrii_Prydun won on time"]

1. d4 f5 2. Nc3 Nf6 3. Bg5 d5 4. e3 e6 5. Bd3 Be7 6. Nh3 O-O 7. O-O Ne4 8. Bxe7 Qxe7 9. Ne2 b6 10. c3 Ba6 11. Bxa6 Nxa6 12. Qd3 Nb8 13. f3 Nd6 14.
Rae1 c5 15. Ng3 Nc6 16. e4 fxe4 17. fxe4 Rxf1+ 18. Rxf1 dxe4 19. Nxe4 cxd4 20. Neg5 Nf5 21. Rxf5 exf5 22. Qc4+ Kh8 23. Nf7+ Kg8 24. Ne5+ Kh8 25. Qxc6 Re8 26. Ng5 d3 27. Qd5 Qc5+ 28. Qxc5 bxc5 29. Nxd3 c4 30. Ne5 h6 31. Ngf3 g5 32. Nxc4 Re2 33.
Nfd2 Kg7 34. Kf1 Re7 35. a4 Kf6 36. a5 h5 37. Nb3 f4 38. a6 g4 39. Nc5 Kf5 40. b4 h4 41. b5 h3 42. gxh3 gxh3 43.
b6 axb6 44. Nb7 Kg4 45. a7 Re8 46. Nxb6 Kf3 47. Na5 Rd8 48. Nd5 1-0

[Event "*** Titled Tuesday Blitz"]
[Site "Chess.com"]
[Date "2020.05.19"]
[Round "7"]
[White "MaxLeto"]
[Black "marszach123"]
[Result "0-1"]
[WhiteElo "2316"]
[BlackElo "2206"]
[TimeControl "180+1"]
[EndTime "13:19:26 PDT"]
[Termination "marszach123 won on time"]

1. g4 d5 2. Bg2 Bxg4 3. c4 c6 4.
Qb3 Qb6 5. cxd5 Qxb3 6. axb3 cxd5 7. Bxd5 Nc6 8. Nc3 Nf6 9. Bc4 e6 10. e3 O-O-O 11. d4 a6 12. Nge2 Nb4 13. Ra5 b5 14. Nxb5 axb5 15. Rxb5 Bf3 16. Rg1 Bc6 17. Ra5 Bd6 18.
Bd2 Kc7 19. Rxg7 Be8 20. Bxe6 Nh5 21. Rgg5 fxe6 0-1

[Event "*** Titled Tuesday Blitz"]
[Site "Chess.com"]
[Date "2020.05.19"]
[Round "7"]
[White "gross-aleks"]
[Black "Last7Samurai"]
[Result "1-0"]
[WhiteElo "2587"]
[BlackElo "2804"]
[TimeControl "180+1"]
[EndTime "13:19:27 PDT"]
[Termination "gross-aleks won by resignation"]

1. c4 c6 2. Nf3 d5 3. e3 Nf6 4. Be2 e6 5. b3 Nbd7 6. Bb2 Bd6 7. O-O O-O 8. d4 Re8 9. Ne5 Qc7 10. f4 b6 11. Nc3 Bb7 12. Rc1 a6 13. Bf3 Qd8 14. e4 c5 15. exd5 exd5 16. Nxd5 Nxd5 17. cxd5 cxd4 18. Nc6 Qf6 19. Qxd4 Bc5 20. Rxc5 Qxd4+ 21. Bxd4 Nxc5 22. Bxc5 bxc5 23. Rc1 a5 24. Rxc5 a4 25. b4 a3 26. Kf2 Ra4 27. d6 Rf8 28. Ne7+ Kh8 29. Bxb7 Rxb4 30. Rc8 Rxc8 31. Bxc8 Rb2+ 32. Ke3 Rxa2 33. d7 Rd2 34. Kxd2 1-0

[Event "*** Titled Tuesday Blitz"]
[Site "Chess.com"]
[Date "2020.05.19"]
[Round "7"]
[White "Bathory44"]
[Black "Andreikka"]
[Result "0-1"]
[WhiteElo "2584"]
[BlackElo "2947"]
[TimeControl "180+1"]
[EndTime "13:19:29 PDT"]
[Termination "Andreikka won on time"]

1. e4 d5 2. exd5 Qxd5 3. Nc3 Qa5 4. Bc4 Nf6 5. d3 c6 6. Qe2 Bg4 7. f3 Bd7 8. Bd2 Qc7 9. f4 e6 10. Nf3 Be7 11. O-O-O b5 12. Bb3 a5 13. a4 b4 14. Ne4 Nd5 15. Ne5 O-O 16. Ng5 Bxg5 17. fxg5 c5 18. Rdf1 Nc6 19. Nxc6 Bxc6 20. h4 Qd7 21. g6 fxg6 22. h5 Rxf1+ 23. Qxf1 gxh5 24. Rxh5 Bxa4 25. Bxd5 exd5 26. Qh1 g6 27. Re5 Bxc2 28.
Kxc2 Qa4+ 29. Kb1 b3 0-1

[Event "*** Titled Tuesday Blitz"]
[Site "Chess.com"]
[Date "2020.05.19"]
[Round "7"]
[White "rpragchess"]
[Black "SaraciNderim"]
[Result "0-1"]
[WhiteElo "2837"]
[BlackElo "2899"]
[TimeControl "180+1"]
[EndTime "13:19:30 PDT"]
[Termination "SaraciNderim won by resignation"]

1. Nf3 b6 2. e4 Bb7 3. Nc3 e6 4. a3 Nf6 5. e5 Ne4 6. Nxe4 Bxe4 7. d4 Be7 8. Bd3 Bxd3 9. Qxd3 d5 10. h4 c5 11. c3 Nc6 12. Rh3 Rc8 13.
Rg3 g6 14. h5 Qc7 15. Bh6 cxd4 16. cxd4 Na5 17. b4 Qc4 18. Rd1 Qxd3 19. Rxd3 Nc4 20.
Ng5 Bxg5 21. Bxg5 Nb2 22. Rc3 Rxc3 23. Rxc3 Nc4 24. Rh3 gxh5 25. Rxh5 Nxa3 26. Kd2 a5 27. bxa5 Nc4+ 28. Kc3 bxa5 29. Bf6 Rg8 30. g3 a4 31. Rxh7 a3 32. Rh1 Kd7 33. Rb1 Kc6 34. Be7 Ra8 35.
Ra1 a2 36. Kb3 Nd2+ 37. Kc2 Ne4 38. Kb3 Kb5 39. Ba3 Ra4 40. Kxa2 Rxd4 41. Rb1+ Kc4 42.
Rb5 Kxb5 0-1

[Event "*** Titled Tuesday Blitz"]
[Site "Chess.com"]
[Date "2020.05.19"]
[Round "7"]
[White "Nikolaj_6"]
[Black "Marty435"]
[Result "1-0"]
[WhiteElo "2565"]
[BlackElo "2410"]
[TimeControl "180+1"]
[EndTime "13:19:30 PDT"]
[Termination "Nikolaj_6 won by resignation"]

1. e4 c6 2. d4 d5 3. e5 Bf5 4.
h4 h5 5. c4 e6 6. Nc3 Nd7 7.
Nge2 Be7 8. g3 Nh6 9. Bxh6 Rxh6 10. cxd5 cxd5 11. Nf4 Qb6 12. Qd2 Rc8 13. Be2 Bg4 14. Bxg4 hxg4 15. O-O Rc4 16. Rfd1 Kf8 17. Rac1 Nb8 18.
b3 Rc6 19. Na4 Qc7 20. Nd3 Rxc1 21. Rxc1 Nc6 22. Ndc5 g5 23. hxg5 Rg6 24. Qc3 Bxg5 25. Rc2 Bd8 26. Nxb7 Qxb7 27. Qxc6 Qxc6 28. Rxc6 Ke8 29.
Ra6 Kd7 30. Rxa7+ Ke8 31. Kf1 Rg5 32. Ke2 Rf5 33. Ra8 Kd7 34. Nc5+ Ke7 35. Ra7+ Ke8 36. Rb7 Rf3 37. Nd3 Bg5 38. a4 Rf5 39. a5 Bd8 40. b4 1-0

[Event "*** Titled Tuesday Blitz"]
[Site "Chess.com"]
[Date "2020.05.19"]
[Round "7"]
[White "Jadeit90"]
[Black "cukin84"]
[Result "0-1"]
[WhiteElo "2299"]
[BlackElo "2156"]
[TimeControl "180+1"]
[EndTime "13:19:32 PDT"]
[Termination "cukin84 won by checkmate"]

1. g3 f5 2. Bg2 Nf6 3. Nf3 g6 4. O-O Bg7 5. d4 O-O 6. c4 d6 7. Nc3 Qe8 8. d5 a5 9. Nd4 Na6 10. b3 Bd7 11. Bb2 Rb8 12. Qd2 h6 13. Ncb5 c6 14.
dxc6 bxc6 15. Nc3 g5 16. e3 e5 17. Nde2 Qe7 18. Rfd1 Ne8 19. Na4 f4 20. exf4 gxf4 21.
Qxa5 Nb4 22. Nec3 Qf7 23. Rf1 Nc2 24. Rac1 Nd4 25. Qa7 Qf5 26. Qxb8 Qh5 27. Qd8 Nf6 28. Qe7 Nf5 29. Qxf8+ Bxf8 30. Ne4 Nxe4 31. Bxe4 Bg7 32.
Rcd1 f3 33. Rd3 Nh4 34. gxh4 Qg4+ 35. Kh1 Qg2# 0-1

[Event "*** Titled Tuesday Blitz"]
[Site "Chess.com"]
[Date "2020.05.19"]
[Round "7"]
[White "wnstop"]
[Black "mamey78"]
[Result "1-0"]
[WhiteElo "2623"]
[BlackElo "2389"]
[TimeControl "180+1"]
[EndTime "13:19:33 PDT"]
[Termination "wnstop won by resignation"]

1. e4 e5 2. Nf3 Nc6 3. Bc4 Nf6 4. d3 Be7 5. O-O O-O 6. Re1 d6 7. a4 Kh8 8. h3 Ng8 9. Nc3 f5 10. exf5 Bxf5 11. Nd5 Rf6 12. Nxf6 Nxf6 13. Ng5 Bg6 14. Bf7 Ng8 15. Bxg6 Bxg5 16. Bxg5 Qxg5 17. Be4 Nd4 18. c3 Ne6 19. Qg4 Qh6 20. a5 Rf8 21.
Bxb7 Rf4 22. Qg3 Nf6 23. d4 Nh5 24. Qe3 Qg6 25. dxe5 d5 26. Bxd5 Ng5 27. e6 1-0

[Event "*** Titled Tuesday Blitz"]
[Site "Chess.com"]
[Date "2020.05.19"]
[Round "7"]
[White "Jenia84"]
[Black "tufferguy"]
[Result "1-0"]
[WhiteElo "2241"]
[BlackElo "2343"]
[TimeControl "180+1"]
[EndTime "13:19:33 PDT"]
[Termination "Jenia84 won on time"]

1. e4 e5 2. Nf3 Nc6 3. Bc4 Nf6 4. d3 Ke7 5. Nc3 h6 6. O-O d6 7. h3 g5 8. Nxg5 hxg5 9. Bxg5 Be6 10. f4 Bg7 11.
Qf3 Nd4 12. Qf2 Rh5 13. fxe5 Rxg5 14. exf6+ Kd7 15. fxg7 Rxg7 16. Qxd4 Qg5 17. Bxe6+ fxe6 18. Rf2 Rag8 19. Raf1 c5 20. Qa4+ Kc7 21. Nb5+ Kc8 22.
Nxd6+ Kc7 23. Nb5+ Kb6 24. Qxa7+ Kxb5 25. c4+ Kc6 26. b4 cxb4 27. d4 1-0

[Event "*** Titled Tuesday Blitz"]
[Site "Chess.com"]
[Date "2020.05.19"]
[Round "7"]
[White "powermove"]
[Black "H3nriqueTV"]
[Result "1-0"]
[WhiteElo "1698"]
[BlackElo "2087"]
[TimeControl "180+1"]
[EndTime "13:19:33 PDT"]
[Termination "powermove won by resignation"]

1. Nf3 d5 2. g3 Bf5 3. Bg2 e6 4. O-O c6 5. d3 h6 6. Nbd2 Nf6 7. Qe1 Be7 8. e4 dxe4 9. dxe4 Bh7 10. Qe2 O-O 11. b3 Nbd7 12. Bb2 a5 13. a4 Qc7 14.
Rac1 Rad8 15. Nc4 Bxe4 16. Nfe5 Bxg2 17. Kxg2 b5 18. axb5 cxb5 19. Nxd7 Rxd7 20. Ne5 Qb7+ 21.
Kg1 Rc7 22. Rfd1 Rfc8 23. c4 bxc4 24. bxc4 a4 25. h4 a3 26. Ba1 Qb3 27. Rd4 a2 28. g4 Qh3 29. g5 hxg5 30. hxg5 Nh7 31. g6 f6 32. gxh7+ Qxh7 33. Nf3 Rc5 34. Qxe6+ Kh8 35.
Rh4 Rh5 36. Qxc8+ 1-0

[Event "*** Titled Tuesday Blitz"]
[Site "Chess.com"]
[Date "2020.05.19"]
[Round "7"]
[White "Keks2017"]
[Black "Khamrakulov_Djurabek"]
[Result "0-1"]
[WhiteElo "2513"]
[BlackElo "2789"]
[TimeControl "180+1"]
[EndTime "13:19:37 PDT"]
[Termination "Khamrakulov_Djurabek won by resignation"]

1. e4 c6 2. d3 d5 3. Nd2 g6 4. Ngf3 Bg7 5. g3 Nf6 6. Bg2 O-O 7. O-O b6 8. Re1 e6 9. c3 a5 10. e5 Nfd7 11. Nf1 c5 12. a4 Nc6 13.
Bf4 h6 14. h4 Ba6 15. N1h2 Rc8 16. Ng4 h5 17. Ngh2 d4 18. c4 Bb7 19. b3 Qc7 20.
Qe2 Ne7 21. Rad1 Nf5 22. Ng5 Bxg2 23. Kxg2 Rce8 24. Nhf3 Nh6 25. Nh2 Nf5 26. Nhf3 Ne7 27. Ne4 Nc6 28. Nd6 Rd8 29. Nb5 Qb7 30. Kg1 Nb4 31.
Rd2 Qb8 32. Qe4 Rfe8 33. Ng5 Re7 34. f3 Qa8 35. g4 hxg4 36. fxg4 Qxe4 37. Rxe4 Nc6 38.
Nf3 f5 39. exf6 Nxf6 40. Re1 Nxg4 41. Bg5 Bf6 42. Bxf6 Nxf6 43. Rde2 e5 44. Ng5 Ng4 45.
Ne4 Ne3 46. Rf2 Rf8 47. Rxf8+ Kxf8 48. Re2 Nb4 49. Rf2+ Kg7 50. Rd2 Rf7 51. Nbd6 Rf1+ 52. Kh2 Rf4 53. Kg3 Nf1+ 0-1

[Event "*** Titled Tuesday Blitz"]
[Site "Chess.com"]
[Date "2020.05.19"]
[Round "7"]
[White "vinniethepooh"]
[Black "MYMChessAcademy"]
[Result "0-1"]
[WhiteElo "2521"]
[BlackElo "2409"]
[TimeControl "180+1"]
[EndTime "13:19:37 PDT"]
[Termination "MYMChessAcademy won by resignation"]

1. d4 Nf6 2. c4 g6 3. Nc3 Bg7 4. e4 d6 5. Be2 O-O 6. Be3 e5 7. d5 a5 8. g4 Na6 9. h4 Nc5 10.
f3 h5 11. g5 Nfd7 12. Qd2 Kh7 13. O-O-O a4 14. Nh3 b6 15. Rdg1 Ba6 16. Kb1 Nb7 17. Nb5 Na5 18. f4 exf4 19. Nxf4 Ne5 20. Qc2 Naxc4 21.
Bxc4 Nxc4 22. Qxc4 Qd7 23. Rc1 Bxb5 24. Qxc7 Qe8 25.
Qc2 a3 26. Rcd1 axb2 27. Rd2 Rxa2 28. Bd4 Ra1+ 29. Kxb2 Rxh1 30. Bxg7 Kxg7 31. Qb3 Qxe4 32. Qxb5 Rb1+ 0-1

[Event "*** Titled Tuesday Blitz"]
[Site "Chess.com"]
[Date "2020.05.19"]
[Round "7"]
[White "Asteroxylon"]
[Black "CuattroPrincesses"]
[Result "1-0"]
[WhiteElo "2396"]
[BlackElo "2245"]
[TimeControl "180+1"]
[EndTime "13:19:37 PDT"]
[Termination "Asteroxylon won by checkmate"]

1. Nf3 Nf6 2. g3 g6 3. Bg2 Bg7 4. O-O O-O 5. d3 d6 6. c4 e5 7.
Nc3 h6 8. Rb1 a5 9. a3 Re8 10. Ne1 c6 11. b4 axb4 12. axb4 Be6 13. b5 d5 14. bxc6 bxc6 15. cxd5 cxd5 16. Nc2 Nc6 17.
Bd2 Qd7 18. Qc1 Kh7 19. Rb6 Rac8 20. Qb2 Bh3 21. Rb7 Qg4 22. Rxf7 Re7 23. Ne3 Qh5 24. Bf3 Bg4 25. Rxf6 Bxf3 26. Rxf3 d4 27. Ncd5 dxe3 28. fxe3 e4 29. Nf6+ Bxf6 30. Rxf6 Rcc7 31. Rf8 Rg7 32.
Bc3 Rb7 33. Bxg7 Rxb2 34. Bxb2 g5 35. R1f7+ Kg6 36. Rg7# 1-0

[Event "*** Titled Tuesday Blitz"]
[Site "Chess.com"]
[Date "2020.05.19"]
[Round "7"]
[White "FMJoseHerrera"]
[Black "GlennTipton"]
[Result "0-1"]
[WhiteElo "2638"]
[BlackElo "2503"]
[TimeControl "180+1"]
[EndTime "13:19:40 PDT"]
[Termination "GlennTipton won on time"]

1. Nf3 Nf6 2. g3 d5 3. Bg2 c6 4. O-O Bf5 5. d3 e6 6. c3 Be7 7. Qb3 Qb6 8. Be3 Qxb3 9. axb3 a6 10. b4 Nbd7 11. Nbd2 Ng4 12. Nb3 Nxe3 13. fxe3 O-O 14. Na5 Rab8 15. Nd4 Bg6 16. Naxc6 bxc6 17. Nxc6 Bg5 18.
Nxb8 Bxe3+ 19. Kh1 Nxb8 20. b3 Bd2 21. c4 dxc4 22.
bxc4 Bxb4 23. Rfc1 a5 24. c5 Na6 25. c6 Nc7 26. Rc4 Rd8 27. Rb1 Kf8 28. h4 Ke7 29.
Bf3 f6 30. Kg2 e5 31. Rg4 Rd4 32. Rxd4 exd4 33. Rc1 Bf7 34. Be4 h6 35. g4 a4 36.
Ra1 a3 37. Kg3 a2 38. g5 hxg5 39. hxg5 Bc3 0-1

[Event "*** Titled Tuesday Blitz"]
[Site "Chess.com"]
[Date "2020.05.19"]
[Round "7"]
[White "Abdodi"]
[Black "MathiasWomacka"]
[Result "0-1"]
[WhiteElo "2164"]
[BlackElo "2377"]
[TimeControl "180+1"]
[EndTime "13:19:41 PDT"]
[Termination "MathiasWomacka won by resignation"]

1. e4 c5 2. Nf3 d6 3. d3 Nc6 4.
g3 g6 5. Bg2 Bg7 6. O-O e5 7.
Nc3 Nge7 8. Be3 O-O 9. Qd2 Nd4 10. Ne2 Bg4 11. Nexd4 cxd4 12. Bh6 Bxh6 13. Qxh6 Bxf3 14. Bxf3 Rc8 15. Rac1 Qb6 16. b3 Rc3 17. Bd1 d5 18. f4 dxe4 19. dxe4 d3+ 20. Kh1 Qe3 21. Ra1 dxc2 22.
Bxc2 Rxc2 23. Rae1 Qd2 24. Qh3 exf4 25. gxf4 Nc6 26.
Re3 Rc1 27. Rf3 Rxf1+ 28. Rxf1 Qe2 29. Qf3 Qxf3+ 30. Rxf3 Rd8 31. Rf2 f6 32. Kg2 Rd3 33.
Re2 Kf7 34. Rf2 Nd4 35. e5 fxe5 36. fxe5+ Ke7 37. Rc2 Nxc2 0-1

[Event "*** Titled Tuesday Blitz"]
[Site "Chess.com"]
[Date "2020.05.19"]
[Round "7"]
[White "agrigo3"]
[Black "Belka1989"]
[Result "1-0"]
[WhiteElo "2258"]
[BlackElo "2121"]
[TimeControl "180+1"]
[EndTime "13:19:41 PDT"]
[Termination "agrigo3 won on time"]

1. Nf3 d5 2. g3 Nf6 3. Bg2 Bf5 4. O-O c6 5. d3 e6 6. Nbd2 Nbd7 7.
Qe1 h6 8. e4 dxe4 9. dxe4 Bh7 10. e5 Nd5 11. Ne4 Nc5 12. Nfd2 Nb4 13. Nxc5 Bxc5 14.
Ne4 Nxc2 15. Qc3 Bxe4 16. Bxe4 Nxa1 17. Qxc5 Qe7 18. Be3 Qxc5 19. Bxc5 b6 20. Bxc6+ Kd8 21. Bxa8 bxc5 22. Rxa1 Kc7 23. Be4 Rb8 24. b3 Rb4 25. Bf3 a5 26. Rc1 Kb6 27. Rc4 Rb5 28. Kf1 g6 29. h4 h5 30. Ke2 Ka6 31. Kd2 Kb6 32.
Kc3 a4 33. Rxa4 1-0

[Event "*** Titled Tuesday Blitz"]
[Site "Chess.com"]
[Date "2020.05.19"]
[Round "7"]
[White "ClassyEl"]
[Black "SHIVACalypso"]
[Result "1-0"]
[WhiteElo "2485"]
[BlackElo "2301"]
[TimeControl "180+1"]
[EndTime "13:19:42 PDT"]
[Termination "ClassyEl won by resignation"]

1. d4 e6 2. Nf3 Nf6 3. e3 d5 4. c4 Be7 5. Nc3 O-O 6. Bd3 c5 7. O-O Nc6 8. cxd5 Nxd5 9. a3 Nxc3 10. bxc3 b6 11. a4 Bb7 12. Qe2 Na5 13. Bb2 Rc8 14. e4 Bf6 15. Rad1 Qd7 16. Bb5 Qc7 17. h4 c4 18. d5 a6 19. e5 Bxh4 20. Nxh4 axb5 21. dxe6 bxa4 22. Ba3 Rfe8 23. e7 Rxe7 24. Bxe7 Qxe7 25.
Qg4 Qe6 26. Nf5 g6 27. Nh6+ Kg7 28. Qxe6 fxe6 29. Ng4 Rc7 30. Nf6 Nb3 31. Ne8+ 1-0

[Event "*** Titled Tuesday Blitz"]
[Site "Chess.com"]
[Date "2020.05.19"]
[Round "7"]
[White "Glidzhian_Gor"]
[Black "Hippotaner"]
[Result "1-0"]
[WhiteElo "2464"]
[BlackElo "2314"]
[TimeControl "180+1"]
[EndTime "13:19:42 PDT"]
[Termination "Glidzhian_Gor won by checkmate"]

1. e4 c5 2. d4 cxd4 3. c3 d3 4. Bxd3 Nc6 5. Nf3 e5 6. O-O Nf6 7. Bc4 Bc5 8. b4 Bb6 9. b5 Na5 10. Nxe5 Nxc4 11. Nxc4 O-O 12. e5 Ne4 13. Nxb6 Qxb6 14.
Qd5 Qg6 15. Be3 d6 16. f3 Bh3 17. g4 Bxf1 18. Kxf1 Ng5 19. exd6 Ne6 20. Nd2 Rfd8 21.
Ne4 Rd7 22. h4 h5 23. gxh5 Qh7 24. h6 Rad8 25. hxg7 Qxh4 26. Qe5 Qh1+ 27. Kf2 Qh4+ 28. Ke2 f6 29. Qxe6+ Rf7 30. Rg1 Qh2+ 31. Bf2 f5 32.
Nf6# 1-0

[Event "*** Titled Tuesday Blitz"]
[Site "Chess.com"]
[Date "2020.05.19"]
[Round "7"]
[White "mshuaau0"]
[Black "j2806"]
[Result "0-1"]
[WhiteElo "2233"]
[BlackElo "2027"]
[TimeControl "180+1"]
[EndTime "13:19:43 PDT"]
[Termination "j2806 won by resignation"]

1. e4 c5 2. Nf3 d6 3. d4 cxd4 4. Nxd4 Nf6 5. Nc3 a6 6. Bg5 e6 7. f4 Be7 8. Qf3 Qc7 9. O-O-O Nbd7 10. Bd3 b5 11. Rhe1 Bb7 12. g4 O-O 13. Nce2 Nc5 14. Kb1 Nfxe4 15. Bxe4 Nxe4 16. Qe3 Nxg5 17. fxg5 Rac8 18.
h4 Qc4 19. c3 Bd5 20. Nc1 b4 21.
Nf5 exf5 22. Qxe7 bxc3 23. bxc3 Rb8+ 24. Nb3 fxg4 25. Qxd6 Rfd8 26. Qe5 a5 27. Rd4 Qc6 28. c4 Bxc4 29. Rxd8+ Rxd8 30. Nxa5 Qb5+ 31. Nb3 Qxe5 32. Rxe5 Bxb3 33. axb3 g3 34. Re2 Kf8 35. Kc2 Rd4 36. Rg2 Rg4 37. Rxg3 Rxg3 0-1

[Event "*** Titled Tuesday Blitz"]
[Site "Chess.com"]
[Date "2020.05.19"]
[Round "7"]
[White "Konek-Gorbunok"]
[Black "ama18"]
[Result "0-1"]
[WhiteElo "2275"]
[BlackElo "2471"]
[TimeControl "180+1"]
[EndTime "13:19:44 PDT"]
[Termination "ama18 won on time"]

1. d4 Nf6 2. Nf3 e6 3. g3 b5 4. a4 b4 5. c4 bxc3 6. bxc3 d5 7. Bg2 Bb7 8. O-O c5 9. Ne5 Nbd7 10. f4 Be7 11. e3 cxd4 12. exd4 Rc8 13. c4 Ba6 14. c5 Bxf1 15. Qxf1 Nxe5 16. fxe5 Ne4 17. Be3 O-O 18.
Bxe4 dxe4 19. Nd2 f5 20. exf6 Bxf6 21. Qc4 Qd5 22. Rc1 Rfd8 23. Qxd5 Rxd5 24. Rc4 Rcd8 25. c6 e5 26. c7 Rc8 27. Nxe4 exd4 28. Nxf6+ gxf6 29. Bxd4 Rd7 30. Bxa7 Rcxc7 31. Rxc7 Rxc7 32. Bb6 Rc1+ 33. Kg2 Ra1 34. a5 Kf7 35. Kf3 Ra4 36. h4 Ke6 37.
Ke3 Kf5 38. Kf3 Ra3+ 39. Kf2 Ke4 40. Kg2 f5 41. Bc7 Ra2+ 42. Kh3 Kf3 43. h5 Ra4 0-1

[Event "*** Titled Tuesday Blitz"]
[Site "Chess.com"]
[Date "2020.05.19"]
[Round "7"]
[White "Guenplen"]
[Black "Lion-Al-Messi"]
[Result "1-0"]
[WhiteElo "2953"]
[BlackElo "2331"]
[TimeControl "180+1"]
[EndTime "13:19:46 PDT"]
[Termination "Guenplen won by checkmate"]

1. d4 d5 2. Bf4 Nf6 3. e3 c5 4. c3 e6 5. Nd2 Nc6 6. Ngf3 Bd6 7. Bg3 O-O 8. Bd3 Qe7 9. Ne5 Bxe5 10. dxe5 Nd7 11. f4 f5 12. Nf3 c4 13. Bc2 Nc5 14.
Bh4 Qc7 15. Rg1 b5 16. a3 Qb6 17. Nd4 Qc7 18. g4 Nxe5 19. fxe5 Qxe5 20. Qe2 a5 21. Bg3 Qf6 22. O-O-O b4 23. Bd6 Nd3+ 24. Bxd3 cxd3 25. Qxd3 Ba6 26. Qc2 Rfc8 27. gxf5 bxc3 28. b4 e5 29. Ne6 Ra7 30. Rxd5 axb4 31. Bxe5 Qh4 32. Qg2 g6 33. fxg6 b3 34. gxh7+ Kxh7 35. Qg6# 1-0

[Event "*** Titled Tuesday Blitz"]
[Site "Chess.com"]
[Date "2020.05.19"]
[Round "7"]
[White "Parkas"]
[Black "ChessMavenYeti"]
[Result "0-1"]
[WhiteElo "2276"]
[BlackElo "2101"]
[TimeControl "180+1"]
[EndTime "13:19:46 PDT"]
[Termination "ChessMavenYeti won by resignation"]

1. e4 e5 2. Nf3 Nf6 3. d4 Nxe4 4. dxe5 d5 5. Bd3 Nc5 6. O-O Nxd3 7. Qxd3 Be7 8. Rd1 Be6 9. Qb5+ Qd7 10. Qxb7 Qc6 11.
Qb3 O-O 12. Nd4 Qd7 13. Nc3 c5 14. Nxe6 fxe6 15. Ne4 Nc6 16. Be3 c4 17. Qxc4 Nxe5 18.
Qe2 Qb7 19. Nc5 Qc6 20. Bd4 Bxc5 21. Qxe5 Bxd4 22. Rxd4 Qxc2 23. Qxe6+ Kh8 24. Rf1 Qxb2 25. Qxd5 Rae8 26. h3 Re1 27. Rd1 Qxf2+ 28. Kh2 Qxf1 29. Rxe1 Qxe1 30. Qe5 Qxe5+ 0-1

[Event "*** Titled Tuesday Blitz"]
[Site "Chess.com"]
[Date "2020.05.19"]
[Round "7"]
[White "pfalcon1949"]
[Black "Karina_Ivanova"]
[Result "1/2-1/2"]
[WhiteElo "1966"]
[BlackElo "2199"]
[TimeControl "180+1"]
[EndTime "13:19:46 PDT"]
[Termination "Game drawn by repetition"]

1. d4 Nf6 2. c4 e6 3. Nc3 Bb4 4. Qc2 c5 5. dxc5 Bxc5 6. Nf3 a6 7.
Bg5 Qc7 8. e3 Be7 9. Be2 b6 10.
O-O Bb7 11. b3 d6 12. Rac1 Nbd7 13. Rfd1 O-O 14. a4 Rac8 15. Bh4 Rfd8 16. Bg3 Nh5 17.
Ng5 Bxg5 18. Bxh5 Be7 19. Be2 Nf6 20. f3 Qc5 21. Bf2 Qc7 22. Bd3 h6 23. Ne4 d5 24.
Nxf6+ Bxf6 25. cxd5 Qxc2 26. Bxc2 exd5 27. Bd3 Rxc1 28.
Rxc1 d4 29. e4 Rc8 30. Rxc8+ Bxc8 31. Bc4 a5 32. Kf1 Be6 33. Ke2 Kf8 34. Kd3 Ke7 35.
Bxd4 Bxd4 36. Kxd4 Bd7 37. f4 f6 38. g3 g5 39. e5 gxf4 40. gxf4 Bc6 41. f5 Bb7 42. e6 Kd6 43. h4 Bc6 44. Bb5 Bf3 45. Ke3 Bd1 46.
Bc4 Bc2 47. Kf4 Bd1 48. Kg3 Bc2 49. Kf4 Bd1 50. Ke4 Bc2+ 51. Kf4 1/2-1/2

[Event "*** Titled Tuesday Blitz"]
[Site "Chess.com"]
[Date "2020.05.19"]
[Round "7"]
[White "Harry_Rakkel"]
[Black "jeaston1"]
[Result "1-0"]
[WhiteElo "2570"]
[BlackElo "2414"]
[TimeControl "180+1"]
[EndTime "13:19:48 PDT"]
[Termination "Harry_Rakkel won by resignation"]

1. e4 c5 2. Nf3 Nc6 3. d4 cxd4 4. Nxd4 Nf6 5. Nc3 e5 6. Ndb5 d6 7. Bg5 a6 8. Na3 b5 9. Nd5 Be7 10. Bxf6 Bxf6 11. c3 Be6 12. Nc2 O-O 13. h4 Bxd5 14. Qxd5 Ne7 15. Qd3 d5 16. exd5 Qxd5 17. Qxd5 Nxd5 18.
O-O-O Nb6 19. g3 Rad8 20. Bg2 Nc4 21. Nb4 a5 22. Nc6 Rxd1+ 23. Rxd1 a4 24. b3 Nb6 25. Kc2 Rc8 26. Rd6 Kf8 27. Na7 Rb8 28. Nxb5 Nc8 29. Rd5 Nb6 30. Rd1 axb3+ 31. axb3 Be7 32. c4 Rd8 33. Rxd8+ Bxd8 34. Kc3 f5 35. c5 Nc8 36. Bb7 Ne7 37. Kc4 e4 38. c6 Bb6 1-0

[Event "*** Titled Tuesday Blitz"]
[Site "Chess.com"]
[Date "2020.05.19"]
[Round "7"]
[White "BakaPG"]
[Black "MidnightFox"]
[Result "1-0"]
[WhiteElo "2615"]
[BlackElo "2477"]
[TimeControl "180+1"]
[EndTime "13:19:49 PDT"]
[Termination "BakaPG won on time"]

1. e4 e5 2. Nf3 Nc6 3. Bb5 a6 4. Ba4 Nf6 5. O-O b5 6. Bb3 Bc5 7. c3 d6 8. a4 Rb8 9. axb5 axb5 10.
d4 Bb6 11. Be3 O-O 12. h3 Bb7 13. Nbd2 Re8 14. Re1 exd4 15. cxd4 Na5 16. Bc2 Nxe4 17. Nxe4 Bxe4 18. Bxe4 Rxe4 19. Qd3 Re8 20. Qxb5 c6 21. Qh5 f6 22. Bd2 Nb3 23. Rad1 Nxd2 24. Nxd2 Bxd4 25.
Nc4 Rxe1+ 26. Rxe1 d5 27. Na5 g6 28. Qg4 Qxa5 29.
Re7 Rf8 30. Qxd4 Qd8 31. Qa7 1-0

[Event "*** Titled Tuesday Blitz"]
[Site "Chess.com"]
[Date "2020.05.19"]
[Round "7"]
[White "sergeikim"]
[Black "chessuriel"]
[Result "1-0"]
[WhiteElo "2378"]
[BlackElo "2167"]
[TimeControl "180+1"]
[EndTime "13:19:50 PDT"]
[Termination "sergeikim won by resignation"]

1. d4 Nf6 2. c4 e6 3. Nc3 Bb4 4. Qc2 c5 5. dxc5 Bxc5 6. Nf3 Qb6 7. e3 Qc7 8. Bd3 b6 9. O-O Bb7 10. b3 O-O 11. Bb2 Be7 12. Rac1 d6 13. Ne4 Nxe4 14. Bxe4 Nd7 15. Bxh7+ Kh8 16. Be4 f5 17. Bxb7 Qxb7 18. Nd4 Rf6 19. Rce1 Rg6 20. f3 Ne5 21. e4 f4 22. Ne2 Rf8 23. Rd1 Qc6 24. Bd4 Qe8 25.
Qb2 Rg5 26. Rf2 Qh5 27. Kh1 Rf6 28. Ng1 Rh6 29. Nh3 Rg3 30. Bxe5 dxe5 31. hxg3 fxg3 32. Rfd2 Qg6 33. Qxe5 Bc5 34. Qf4 Rh5 35. Qg4 Qh7 36.
Rd8+ 1-0